 Dungeon Crawl Stone Soup version 0.30-a0-847-g17996783a1 (webtiles) character file.

Game seed: 10101720952174984524

21 Darkkill the Shooter (level 2, -1/25 HPs)
             Began as a Minotaur Hunter on Mar 3, 2023.
             Slain by Sigmund
             ... wielding a +2 scythe of protection
              (9 damage)
             ... on level 2 of the Dungeon.
             The game lasted 00:01:23 (931 turns).

Darkkill the Shooter (Minotaur Hunter)               Turns: 931, Time: 00:01:24

Health: -1/25      AC:  3    Str: 15    XL:     2   Next: 62%
Magic:  1/1        EV: 12    Int:  6    God:
Gold:   77         SH:  0    Dex: 13    Spells: 1/1 levels left

rFire   . . .      SeeInvis .    a - +0 shortbow
rCold   . . .      Faith    .    (shield currently unavailable)
rNeg    . . .      Spirit   .    c - +0 leather armour
rPois   .          Reflect  .    (helmet restricted)
rElec   .          Rampage  .    (no cloak)
rCorr   .                        (no gloves)
Will    .....                    (no boots) Stlth
                                 (no amulet)
HPRegen 0.24/turn                (no ring)
MPRegen 0.07/turn                (no ring)

@: silenced
A: horns 2, retaliatory headbutt
a: no special abilities


You were on level 2 of the Dungeon.
You visited 1 branch of the dungeon, and saw 2 of its levels.

You collected 77 gold pieces.

Inventory:

Hand Weapons
 a - a +0 shortbow (weapon)
Armour
 c - a +0 leather armour (worn)
 d - a +0 pair of boots
Scrolls
 b - 2 scrolls of immolation
 e - 2 scrolls of blinking
 j - a scroll of amnesia {unknown}
Potions
 f - 2 potions of resistance {unknown}
 g - a potion of magic {unknown}
 i - a potion of haste {unknown}


   Skills:
 + Level 2.9 Fighting
 + Level 4.6 Ranged Weapons
 + Level 2.5 Dodging
 + Level 1.3 Stealth


You had one spell level left.
You didn't know any spells.
Your spell library contained the following spells:

 Spells                   Type           Power      Damage    Failure   Level
 Ozocubu's Armour         Ice            0%         N/A       88%         3
 Metabolic Englaciation   Hex/Ice        0%         N/A       100%        5
 Simulacrum               Ice/Necr       0%         N/A       100%        6


Dungeon Overview and Level Annotations

Branches:
Dungeon (2/15)

Altars:

Shops:
D:1 (

Annotations:
D:2 Sigmund


Innate Abilities, Weirdness & Mutations

You have a pair of horns on your head.
You reflexively headbutt those who attack you in melee.


Message History

A bat is nearby!
You shoot an arrow. The arrow hits the bat.
You kill the bat!
No target in view!
No target in view!
No target in view!
h - a scroll labelled NERICROITA No target in view!
Found a dagger.
i - an inky potion No target in view!
No target in view!
j - a scroll labelled ENELEASIMU No target in view!
You now have 77 gold pieces (gained 5).
Found 5 stones.
No target in view!
A rat comes into view.
You shoot an arrow. The arrow hits the rat!
You kill the rat!
Sigmund the Dreaded comes into view.
He is wielding a +2 scythe of protection.
Sigmund shouts!
Fire: a) +0 shortbow
Press: ? - help, Q - select action Shift-Dir - straight line, f - Sigmund
Aim: Sigmund, wielding a +2 scythe of protection and wearing a +0 robe (57% to hit)
You shoot an arrow. The arrow closely misses Sigmund.
Fire: a) +0 shortbow
Press: ? - help, Q - select action Shift-Dir - straight line, f/p - Sigmund
Aim: Sigmund, wielding a +2 scythe of protection and wearing a +0 robe (57% to hit)
You shoot an arrow. The arrow hits Sigmund.
Sigmund is lightly wounded.
Fire: a) +0 shortbow
Press: ? - help, Q - select action Shift-Dir - straight line, f/p - Sigmund
Aim: Sigmund, wielding a +2 scythe of protection and wearing a +0 robe (lightly wounded, 57% to hit)
You shoot an arrow.
The arrow hits Sigmund but does no damage.
Sigmund is lightly wounded.
Sigmund casts a spell at you. You resist with significant effort.
Fire: a) +0 shortbow
Press: ? - help, Q - select action Shift-Dir - straight line, f/p - Sigmund
Aim: Sigmund, wielding a +2 scythe of protection and wearing a +0 robe (lightly wounded, 57% to hit)
You shoot an arrow. The arrow hits Sigmund.
Sigmund is moderately wounded.
Sigmund hits you from afar with a +2 scythe of protection!
Fire: a) +0 shortbow
Press: ? - help, Q - select action Shift-Dir - straight line, f/p - Sigmund
Aim: Sigmund, wielding a +2 scythe of protection and wearing a +0 robe (moderately wounded, 57% to hit)
You shoot an arrow. The arrow barely misses Sigmund.
Sigmund closely misses you.
Fire: a) +0 shortbow
Press: ? - help, Q - select action Shift-Dir - straight line, f/p - Sigmund
Aim: Sigmund, wielding a +2 scythe of protection and wearing a +0 robe (moderately wounded, 57% to hit)
You shoot an arrow. The arrow closely misses Sigmund.
Sigmund smiles chillingly.
Sigmund barely misses you.
Fire: a) +0 shortbow
Press: ? - help, Q - select action Shift-Dir - straight line, f/p - Sigmund
Aim: Sigmund, wielding a +2 scythe of protection and wearing a +0 robe (moderately wounded, 57% to hit)
You shoot an arrow. The arrow closely misses Sigmund.
Sigmund mumbles some strange words.
Sigmund flickers and vanishes!
Deactivating autopickup; reactivate with Ctrl-A.
Fire: a) +0 shortbow
Press: ? - help, Q - select action Shift-Dir - straight line, f - you Really target yourself?
Okay, then.
As you read the scroll labelled NERICROITA, it crumbles to dust.
A profound silence engulfs you.
It was a scroll of silence.
Something hits you.
There is a strange disturbance nearby!
You shoot an arrow.
The arrow hits the bush but does no damage.
Something hits you but does no damage.
You shoot an arrow. The arrow hits the plant.
The plant begins to die.
The plant is lightly damaged.
Something hits you.
Magic scrolls do not work when you're silenced!
Unknown command.
Fire: a) +0 shortbow
Press: ? - help, Q - select action Shift-Dir - straight line, p - plant You shoot an arrow.
The arrow hits the plant.
The plant begins to die.
The plant is lightly damaged.
Something hits you!
Fire: a) +0 shortbow
Press: ? - help, Q - select action Shift-Dir - straight line You shoot an arrow.
A nearby plant withers and dies.
Something hits you.
* * * LOW HITPOINT WARNING * * *
Fire: a) +0 shortbow
Press: ? - help, Q - select action Shift-Dir - straight line You shoot an arrow.
A nearby plant withers and dies.
Something completely misses you.
Found a stone staircase leading down.
A frilled lizard comes into view.
Found a stone staircase leading up.
Something hits you but does no damage. The frilled lizard barely misses you.
You shoot an arrow. The arrow hits the frilled lizard.
You kill the frilled lizard!
Something hits you!
You die...

#.♣P♣ ♣P♣P.(.#
#P.PP♣♣♣.♣....#
#...♣.♣♣P.....#
#....P........# .
#.#......##.#.####..
#.#†....#........# #
#.#####.##........
###.#.#.#........#.#####
......>@................
..............####.#####
#####....####.####.#####
................#...#
...<.#######....##...#
#.#### ###.......# #.
............)# #
######.#.....#
..........


There were no monsters in sight!

Vanquished Creatures
  A dart slug (D:1)
  3 bats
  3 endoplasms
  A goblin (D:1)
  A hobgoblin (D:2)
  2 jackals (D:1)
  2 kobolds
  2 ball pythons (D:1)
  A frilled lizard (D:2)
  2 rats
18 creatures vanquished.

Vanquished Creatures (others)
  2 plants (D:2)
2 creatures vanquished.

Grand Total: 20 creatures vanquished

Notes
Turn   | Place    | Note
-------+----------+-------------------------------------------
     0 | D:1      | Darkkill the Minotaur Hunter began the quest for the Orb.
     0 | D:1      | Reached XP level 1. HP: 18/18 MP: 0/0
    80 | D:1      | Reached skill level 1 in Stealth
   218 | D:1      | Reached XP level 2. HP: 25/25 MP: 1/1
   297 | D:1      | Found Otuy's Weapon Shoppe.
   535 | D:1      | Found a faded altar of an unknown god.
   908 | D:2      | Noticed Sigmund
   931 | D:2      | Slain by Sigmund

Illustrated notes

Levels and vault maps discovered:
D:1:      dpeg_arrival_rooms_b, layout_loops_ring, serial_shops, shop,
          shapermc_ecumenical_altar_pompeii
D:2:      layout_basic, serial_forest, infiniplex_forest_zigzag_1,
          infiniplex_forest_join, infiniplex_forest_lined_4_way,
          infiniplex_forest_clump_large, infiniplex_forest_lined_corner,
          infiniplex_forest_end_2, minmay_misc_feat_enclosed,
          dreamdust_princess_bridge, uniq_sigmund

Skill      XL: |  1 |
---------------+----+-----
Stealth        | 1 |  1.3
Fighting       | |  2.9
Ranged Weapons | |  4.6
Dodging        | |  2.5

Action                     || total
---------------------------++-------
   Fire: Shortbow          ||    49
    Use: Scroll            ||     3
 Armour: Leather armour    ||     5
  Dodge: Dodged            ||     6

Table legend: (Time is in decaauts)
 A = Elapsed time spent in this place.
 B = Non-inter-level travel time spent in this place.
 C = Inter-level travel time spent in this place.
 D = Time resting spent in this place.
 E = Time spent auto-exploring this place.
 F = Levels seen in this place.
 G = Mean time per level.
                   A        B        C        D        E       F      G
               +--------+--------+--------+--------+--------+-----+--------+
         Total |    946 |    807 |    139 |      0 |    686 |   2 |  473.0 |
       Dungeon |    946 |    807 |    139 |      0 |    686 |   2 |  473.0 |
               +--------+--------+--------+--------+--------+-----+--------+

Top non-repeatable levels by time:
     D:1: 748 daAuts
     D:2: 197 daAuts

Table legend:
 A = Kills in this place as a percentage of kills in the entire game.
 B = Kills by you in this place as a percentage of kills by you in the entire game.
 C = Kills by friends in this place as a percentage of kills by friends in the entire game.
 D = Other kills in this place as a percentage of other kills in the entire game.
 E = Experience gained in this place as a percentage of experience gained in the entire game.
 F = Experience gained in this place divided by the number of levels of this place that you have seen.
                   A       B       C       D       E      F
               +-------+-------+-------+-------+-------+----------------------
         Total | 100.0 | 100.0 |   N/A |   N/A | 100.0 |  15.5
       Dungeon | 100.0 | 100.0 |   N/A |   N/A | 100.0 |  15.5
               +-------+-------+-------+-------+-------+----------------------
